 Dungeon Crawl Stone Soup version 0.19.1 (webtiles) character file.

317 RaHiT the Magician (level 6, -6/41 HPs)
             Began as a Mummy Conjurer on Dec 22, 2016.
             Was an Initiate of Vehumet.
             Mangled by an ogre
             ... wielding a +0 giant spiked club
              (16 damage)
             ... on level 4 of the Dungeon.
             The game lasted 00:20:19 (3234 turns).

RaHiT the Magician (Mummy Conjurer)                 Turns: 3234, Time: 00:20:19

Health: -6/41      AC:  3    Str: 12    XL:     6   Next: 20%
Magic:  12/13      EV: 12    Int: 16    God:    Vehumet [......]
Gold:   155        SH:  0    Dex: 12    Spells: 5 memorised, 1 level left

rFire  x . .     SeeInvis .     q - +0 dagger (venom)
rCold  + . .     Gourm    .     a - +0 robe
rNeg   + + +     Faith    .     (no shield)
rPois  ∞         Spirit   .     (no helmet)
rElec  .         Reflect  .     g - +0 cloak
rCorr  .         Harm     .     (no gloves)
MR     .....                    (no boots)
Stlth  +++.......               (no amulet)
                                (no ring)
                                f - ring of stealth

@: no status effects
A: no food or potions, fire vulnerability, cold resistance 1, negative energy
resistance 3, torment resistance, unbreathing
a: Renounce Religion


You were on level 4 of the Dungeon.
You worshipped Vehumet.
Vehumet was noncommittal.
You were not hungry.

You visited 2 branches of the dungeon, and saw 5 of its levels.

You collected 155 gold pieces.

Inventory:

Hand Weapons
 c - a +0 short sword
 k - a +0 spear
 q - a +0 dagger of venom (weapon)
Missiles
 e - 53 stones (quivered)
 l - 17 sling bullets
 r - 4 tomahawks
Armour
 a - a +0 robe (worn)
 g - a +0 cloak (worn)
 i - a +0 shield
Jewellery
 f - a ring of stealth (left hand)
 n - an uncursed amulet of guardian spirit {unknown}
Scrolls
 d - 2 scrolls of enchant armour {unknown}
 h - 3 scrolls of remove curse
 j - 2 scrolls of identify {unknown}
 m - a scroll of immolation {unknown}
 o - a scroll of random uselessness {unknown}
 p - a scroll of amnesia {unknown}
 s - a scroll of recharging {unknown}
Books
 b - a book of Conjurations

   Spells                             Type                      Level
   a - Magic Dart                     Conjuration                  1
   b - Searing Ray                    Conjuration                  2
   c - Dazzling Spray                 Conjuration/Hexes            3
   d - Fulminant Prism                Conjuration/Hexes            4
   e - Iskenderun's Mystic Blast      Conjuration                  4
   f - Iskenderun's Battlesphere      Conjuration/Charms           5


   Skills:
 - Level 1.5 Dodging
 - Level 1.5 Stealth
 - Level 5.0 Spellcasting
 * Level 4.5 Conjurations


You had one spell level left.
You knew the following spells:

 Your Spells              Type           Power        Failure   Level  Hunger
a - Magic Dart            Conj           ###.         2%          1    N/A
b - Searing Ray           Conj           ###...       4%          2    N/A
c - Dazzling Spray        Conj/Hex       ##....       17%         3    N/A
d - Iskenderun's Mystic   Conj           ###.....     28%         4    N/A
e - Fulminant Prism       Conj/Hex       ##........   63%         4    N/A

Dungeon Overview and Level Annotations

Branches:
Dungeon (4/15)             Temple (1/1) D:4

Altars:
Ashenzari
Elyvilon
Kikubaaqudgha
Makhleb
Nemelex Xobeh
Okawaru
Ru
Sif Muna
Uskayaw
Vehumet
Xom
The Shining One

Annotations:
D:4 Faustar's ghost, amateur TrTm


Innate Abilities, Weirdness & Mutations

You do not eat or drink.
Your flesh is vulnerable to fire.
You are immune to poison.
Your flesh is cold resistant. (rC+)
You are immune to negative energy. (rN+++)
You are immune to unholy pain and torment.
You can survive without breathing.


Message History

The searing ray hits the ogre.
The ogre is lightly wounded.
The searing ray hits the ogre.
The ogre is moderately wounded.
The ogre hits you with a giant spiked club!!
Ouch! That really hurt!
* * * LOW HITPOINT WARNING * * *
A leopard gecko skeleton comes into view.
Found 14 gold pieces.
You hit the leopard gecko skeleton.
The leopard gecko skeleton is heavily damaged.
The leopard gecko skeleton barely misses you.
Unknown command.
The leopard gecko skeleton bites you.
* * * LOW HITPOINT WARNING * * *
The leopard gecko skeleton bites you but does no damage.
There is a stone staircase leading up here.
There is a stone staircase leading up here.
The ogre hits you with a giant spiked club!
You die...

............#...#
.........#..#...#
....#..........#
#...###.###....#
#.....#.# #<####
#.....#.###.#
###.........#Z#
####
#...#.##.O#.#.#
...
#...#.##.@#.#.#
.#
#...#.....#.Z.#
.#
#...#####.#####
.###.#
#...'....>..#
......
#...#####.#.#
.#....
###.#.....#.# .#
... #.###.###.#
.# # #.# #.....#
.# #.# #######


You could see an ogre.

Vanquished Creatures
  A scorpion (D:4)
  A bullfrog skeleton (D:4)
  2 hounds (D:4)
  An orc wizard (D:4)
  A hound skeleton (D:4)
  2 adders
  3 gnolls (D:2)
  2 leopard geckos (D:2)
  8 orcs
  10 giant cockroaches
  9 goblins
  7 hobgoblins
  11 jackals
  2 quokkas (D:2)
  4 bats
  6 frilled lizards
  8 kobolds
  A leopard gecko skeleton (D:4)
  7 rats
86 creatures vanquished.

Notes
Turn   | Place    | Note
-------+----------+-------------------------------------------
     0 | D:1      | RaHiT the Mummy Conjurer began the quest for the Orb.
     0 | D:1      | Reached XP level 1. HP: 13/13 MP: 3/3
   177 | D:1      | Reached XP level 2. HP: 19/19 MP: 2/5
   234 | D:1      | Learned a level 2 spell: Searing Ray
   469 | D:1      | Reached skill level 3 in Spellcasting
   667 | D:2      | Found a faded altar of an unknown god.
   786 | D:2      | Reached XP level 3. HP: 24/24 MP: 4/7
   955 | D:2      | Reached skill level 4 in Spellcasting
  1221 | D:2      | Reached XP level 4. HP: 30/30 MP: 10/10
  1226 | D:2      | Learned a level 3 spell: Dazzling Spray
  1231 | D:2      | Learned a level 4 spell: Iskenderun's Mystic Blast
  1808 | D:3      | Found a burning altar of Makhleb.
  1808 | D:3      | Found an ancient bone altar of Kikubaaqudgha.
  1808 | D:3      | Found a deep blue altar of Sif Muna.
  1810 | D:3      | Found a shimmering altar of Xom.
  2378 | D:4      | Found a staircase to the Ecumenical Temple.
  2384 | Temple   | Entered the Ecumenical Temple
  2402 | Temple   | Became a worshipper of Vehumet
  2431 | D:4      | Found a white marble altar of Elyvilon.
  2462 | D:4      | Reached XP level 5. HP: 24/35 MP: 6/11
  2518 | D:4      | Noticed Faustar's ghost (amateur TrTm)
  2758 | D:4      | Reached skill level 5 in Spellcasting
  2835 | D:4      | Reached XP level 6. HP: 14/41 MP: 1/13
  3102 | D:4      | Learned a level 4 spell: Fulminant Prism
  3234 | D:4      | Mangled by an ogre

Skill      XL: |  1  2  3  4  5 |
---------------+----------------+-----
Spellcasting   | 3 4 5 |  5.0
Conjurations   | 4 |  4.5
Dodging        | |  1.5
Stealth        | |  1.5

Action                   |  1- 3 |  4- 6 || total
-------------------------+-------+-------++-------
Melee: Short sword       |    44 |       ||    44
       Spear             |    18 |    64 ||    82
       Dagger            |       |    16 ||    16
Throw: Stone             |     8 |    10 ||    18
       Throwing net      |       |     1 ||     1
 Cast: Magic Dart        |    40 |    67 ||   107
       Searing Ray       |     3 |    13 ||    16
  Use: Scroll            |     1 |       ||     1
 Stab: Sleeping          |     2 |     4 ||     6
       Distracted        |       |     1 ||     1
Armor: Robe              |    10 |    24 ||    34
Dodge: Dodged            |    39 |    52 ||    91
